% Time on Ice - ANCHORAGE ACES
Lines # - Real PCT - Wanted PCT - Time Play
Normal Forward
1 - 36% - 36% - 16:41
2 - 34% - 33% - 16:04
3 - 28% - 28% - 13:12
4 - 2% - 3% - 0:53
Normal Defense
1 - 33% - 36% - 15:14
2 - 33% - 31% - 15:38
3 - 27% - 23% - 12:30
4 - 7% - 10% - 3:28
PP Forward
1 - 50% - 55% - 3:31
2 - 50% - 45% - 3:32
PP Defense
1 - 60% - 55% - 4:15
2 - 40% - 45% - 2:48
PK Forward
1 - 58% - 55% - 2:23
2 - 42% - 45% - 1:45
PK Defense
1 - 45% - 55% - 1:51
2 - 55% - 45% - 2:17
PK3 Forward
1 - 0% - 55%
2 - 0% - 45%
PK3 Defense
1 - 0% - 55%
2 - 0% - 45%
44 Forward
1 - 39% - 55% - 0:47
2 - 61% - 45% - 1:12
44 Defense
1 - 39% - 55% - 0:47
2 - 61% - 45% - 1:12
Last Minute Offensive  - 0:00
Last Minute Defensive  - 0:00
Total
Forward - 60:00
Defense - 60:00
% Time on Ice - VANCOUVER VOODOO
Lines # - Real PCT - Wanted PCT - Time Play
Normal Forward
1 - 33% - 33% - 15:17
2 - 32% - 32% - 14:54
3 - 26% - 26% - 12:17
4 - 9% - 9% - 4:22
Normal Defense
1 - 29% - 36% - 13:46
2 - 27% - 35% - 12:28
3 - 35% - 29% - 16:28
4 - 9% - 0% - 4:08
PP Forward
1 - 56% - 53% - 2:18
2 - 44% - 47% - 1:50
PP Defense
1 - 52% - 53% - 2:08
2 - 48% - 47% - 2:00
PK Forward
1 - 58% - 53% - 4:05
2 - 42% - 47% - 2:58
PK Defense
1 - 57% - 53% - 3:59
2 - 43% - 47% - 3:04
PK3 Forward
1 - 0% - 55%
2 - 0% - 45%
PK3 Defense
1 - 0% - 52%
2 - 0% - 48%
44 Forward
1 - 50% - 51% - 0:59
2 - 50% - 49% - 1:00
44 Defense
1 - 50% - 52% - 0:59
2 - 50% - 48% - 1:00
Last Minute Offensive  - 0:00
Last Minute Defensive  - 0:00
Total
Forward - 60:00
Defense - 60:00
Play-by-Play 1st period 0:01 of 1st period - Nicolas Roy wins face-off versus Connor McDavid in neutral zone. 0:14 of 1st period - Shot by Connor McDavid. 0:14 of 1st period - Shot Blocked by Nicolas Hague. 0:53 of 1st period - Minor Penalty to Tom Wilson for Holding. 0:53 of 1st period - Minor Penalty to Nikolaj Ehlers for Cross-checking. 0:54 of 1st period - Phillip Danault wins face-off versus Cole Sillinger in neutral zone. 1:30 of 1st period - Off-side. 1:31 of 1st period - Nathan MacKinnon wins face-off versus Radek Faksa in neutral zone. 1:53 of 1st period - Shot by Nathan MacKinnon. 1:53 of 1st period - Shot Misses the Net. 1:55 of 1st period - Shot by Jakob Chychrun. 1:55 of 1st period - Shot Blocked by Nicolas Hague. 2:11 of 1st period - Shot by Nathan MacKinnon. 2:11 of 1st period - Shot Misses the Net. 2:13 of 1st period - Shot by Nathan MacKinnon. 2:13 of 1st period - Shot Misses the Net. 3:05 of 1st period - Icing by Phillip Danault. 3:06 of 1st period - Phillip Danault wins face-off versus Cole Sillinger in ANCHORAGE ACES zone. 3:06 of 1st period - Phillip Danault is hit by Cole Sillinger. 3:57 of 1st period - Shot by Chris Kreider. 3:57 of 1st period - Shot Misses the Net. 4:10 of 1st period - Icing by Logan Stanley. 4:11 of 1st period - Connor McDavid wins face-off versus Christian Dvorak in VANCOUVER VOODOO zone. 4:19 of 1st period - Nathan MacKinnon is hit by Logan Stanley. 5:08 of 1st period - Minor Penalty to Robert Bortuzzo for Hooking. 5:09 of 1st period - Nicolas Roy wins face-off versus Erik Haula in ANCHORAGE ACES zone. 5:46 of 1st period - Shot by Tom Wilson. 5:46 of 1st period - Stopped by Darcy Kuemper without a rebound. 5:47 of 1st period - Phillip Danault wins face-off versus Jonathan Drouin in ANCHORAGE ACES zone. 6:41 of 1st period - Icing by Nicolas Hague. 6:42 of 1st period - Erik Haula wins face-off versus Nicolas Roy in VANCOUVER VOODOO zone. 7:11 of 1st period - Shot by Christian Dvorak. 7:11 of 1st period - Stopped by Darcy Kuemper without a rebound. 7:12 of 1st period - Erik Haula wins face-off versus Christian Dvorak in ANCHORAGE ACES zone. 8:09 of 1st period - Shot by Phillip Danault. 8:09 of 1st period - Stopped by Filip Gustavsson with a rebound. 8:11 of 1st period - Shot by Phillip Danault. 8:11 of 1st period - Stopped by Filip Gustavsson without a rebound. 8:12 of 1st period - Connor McDavid wins face-off versus Cole Sillinger in VANCOUVER VOODOO zone. 9:01 of 1st period - Off-side. 9:02 of 1st period - Phillip Danault wins face-off versus Nicolas Roy in neutral zone. 9:34 of 1st period - Off-side. 9:35 of 1st period - Erik Haula wins face-off versus Radek Faksa in neutral zone. 9:38 of 1st period - Shot by Chris Kreider. 9:38 of 1st period - Stopped by Filip Gustavsson without a rebound. 9:39 of 1st period - Erik Haula wins face-off versus Radek Faksa in VANCOUVER VOODOO zone. 9:46 of 1st period - Shot by Erik Haula. 9:46 of 1st period - Stopped by Filip Gustavsson without a rebound. 9:47 of 1st period - Nicolas Roy wins face-off versus Phillip Danault in VANCOUVER VOODOO zone. 9:52 of 1st period - Shot by Conor Garland. 9:52 of 1st period - Shot Misses the Net. 9:54 of 1st period - Shot by Braden Schneider. 9:54 of 1st period - Shot Misses the Net. 9:59 of 1st period - Icing by Filip Hronek. 10:00 of 1st period - Phillip Danault wins face-off versus Cole Sillinger in ANCHORAGE ACES zone. 10:34 of 1st period - Icing by Filip Hronek. 10:35 of 1st period - Nicolas Roy wins face-off versus Phillip Danault in ANCHORAGE ACES zone. 10:36 of 1st period - Shot by Tom Wilson. 10:36 of 1st period - Stopped by Darcy Kuemper with a rebound. 10:42 of 1st period - Shot by Phillip Danault. 10:42 of 1st period - Stopped by Filip Gustavsson without a rebound. 10:43 of 1st period - Nicolas Roy wins face-off versus Erik Haula in VANCOUVER VOODOO zone. 10:52 of 1st period - Shot by Chris Kreider. 10:52 of 1st period - Stopped by Filip Gustavsson with a rebound. 11:04 of 1st period - Shot by Erik Haula. 11:04 of 1st period - Shot Blocked by Tom Wilson. 11:14 of 1st period - Shot by Erik Haula. 11:14 of 1st period - Shot Misses the Net. 11:54 of 1st period - Shot by Connor McDavid. 11:54 of 1st period - Shot Blocked by Braden Schneider. 12:04 of 1st period - Shot by Connor McDavid. 12:04 of 1st period - Shot Misses the Net. 12:06 of 1st period - Shot by Jani Hakanpaa. 12:06 of 1st period - Shot Misses the Net. 12:08 of 1st period - Shot by Yegor Sharangovich. 12:08 of 1st period - Stopped by Filip Gustavsson without a rebound. 12:09 of 1st period - Phillip Danault wins face-off versus Cole Sillinger in VANCOUVER VOODOO zone. 12:22 of 1st period - Shot by Josh Anderson. 12:22 of 1st period - Deflect By Cole Sillinger. 12:22 of 1st period - Stopped by Darcy Kuemper with a rebound. 13:40 of 1st period - Shot by Connor McDavid. 13:40 of 1st period - Stopped by Filip Gustavsson with a rebound. 13:54 of 1st period - Jordan Harris is hit by Nathan MacKinnon and loses puck. 14:21 of 1st period - Icing by Nathan MacKinnon. 14:22 of 1st period - Phillip Danault wins face-off versus Radek Faksa in ANCHORAGE ACES zone. 14:38 of 1st period - Shot by Nathan MacKinnon. 14:38 of 1st period - Stopped by Filip Gustavsson without a rebound. 14:39 of 1st period - Nicolas Roy wins face-off versus Erik Haula in VANCOUVER VOODOO zone. 14:52 of 1st period - Erik Haula is hit by Tom Wilson and loses puck. 14:57 of 1st period - Shot by Nicolas Roy. 14:57 of 1st period - Shot Blocked by Filip Hronek. 15:10 of 1st period - Shot by Conor Garland. 15:10 of 1st period - Stopped by Darcy Kuemper without a rebound. 15:11 of 1st period - Connor McDavid wins face-off versus Christian Dvorak in ANCHORAGE ACES zone. 15:22 of 1st period - Shot by Connor McDavid. 15:22 of 1st period - Stopped by Filip Gustavsson without a rebound. 15:23 of 1st period - Radek Faksa wins face-off versus Phillip Danault in VANCOUVER VOODOO zone. 15:31 of 1st period - Josh Bailey is hit by Seth Jones and loses puck. 15:36 of 1st period - Shot by Josh Bailey. 15:36 of 1st period - Shot Blocked by Seth Jones. 15:38 of 1st period - Shot by Logan Stanley. 15:38 of 1st period - Stopped by Darcy Kuemper without a rebound. 15:39 of 1st period - Connor McDavid wins face-off versus Nicolas Roy in ANCHORAGE ACES zone. 16:48 of 1st period - Icing by Ryan Pulock. 16:49 of 1st period - Radek Faksa wins face-off versus Connor McDavid in ANCHORAGE ACES zone. 17:56 of 1st period - Shot by Alex Newhook. 17:56 of 1st period - Shot Blocked by Jakob Chychrun. 17:58 of 1st period - Shot by Christian Dvorak. 17:58 of 1st period - Stopped by Darcy Kuemper without a rebound. 17:59 of 1st period - Erik Haula wins face-off versus Cole Sillinger in ANCHORAGE ACES zone. 19:02 of 1st period - Shot by Tom Wilson. 19:02 of 1st period - Stopped by Darcy Kuemper without a rebound. 19:03 of 1st period - Connor McDavid wins face-off versus Nicolas Roy in ANCHORAGE ACES zone. 19:05 of 1st period - Icing by Nathan MacKinnon. 19:06 of 1st period - Nicolas Roy wins face-off versus Connor McDavid in ANCHORAGE ACES zone. 19:15 of 1st period - Nicolas Hague is hit by Nathan MacKinnon. 19:25 of 1st period - Shot by Nathan MacKinnon. 19:25 of 1st period - Stopped by Filip Gustavsson with a rebound. 19:31 of 1st period - Shot by Nathan MacKinnon. 19:31 of 1st period - Shot Blocked by Jordan Harris. 19:33 of 1st period - Shot by Nathan MacKinnon. 19:33 of 1st period - Goal by Nathan MacKinnon - ANCHORAGE ACES : 1 - VANCOUVER VOODOO : 0. 19:34 of 1st period - Phillip Danault wins face-off versus Christian Dvorak in neutral zone. Goals for this period are 1 for ANCHORAGE ACES vs 0 for VANCOUVER VOODOO. Shots for this period are 12 for ANCHORAGE ACES vs 8 for VANCOUVER VOODOO. 2nd period 0:01 of 2nd period - Erik Haula wins face-off versus Nicolas Roy in neutral zone. 0:06 of 2nd period - Shot by Chris Kreider. 0:06 of 2nd period - Shot Misses the Net. 0:08 of 2nd period - Shot by Jakob Chychrun. 0:08 of 2nd period - Stopped by Filip Gustavsson without a rebound. 0:09 of 2nd period - Phillip Danault wins face-off versus Cole Sillinger in VANCOUVER VOODOO zone. 0:28 of 2nd period - Shot by Nikolaj Ehlers. 0:28 of 2nd period - Stopped by Filip Gustavsson without a rebound. 0:29 of 2nd period - Erik Haula wins face-off versus Nicolas Roy in VANCOUVER VOODOO zone. 0:29 of 2nd period - Erik Haula is hit by Logan Stanley. 0:43 of 2nd period - Sheldon Dries is hit by Tom Wilson and loses puck. 0:49 of 2nd period - Nicolas Roy is hit by Jack Johnson. 1:08 of 2nd period - Tom Wilson is hit by Jani Hakanpaa. 1:27 of 2nd period - Minor Penalty to Jack Johnson for Hooking. 1:28 of 2nd period - Jonathan Drouin wins face-off versus Phillip Danault in ANCHORAGE ACES zone. 1:37 of 2nd period - Shot by Conor Garland. 1:37 of 2nd period - Goal by Conor Garland - ANCHORAGE ACES : 1 - VANCOUVER VOODOO : 1. 1:38 of 2nd period - Connor McDavid wins face-off versus Josh Anderson in neutral zone. 1:38 of 2nd period - Seth Jones is hit by Cole Sillinger and loses puck. 1:39 of 2nd period - Minor Penalty to Cole Sillinger for High sticking. 1:40 of 2nd period - Connor McDavid wins face-off versus Nicolas Roy in VANCOUVER VOODOO zone. 3:51 of 2nd period - Shot by Connor McDavid. 3:51 of 2nd period - Stopped by Filip Gustavsson without a rebound. 3:52 of 2nd period - Phillip Danault wins face-off versus Radek Faksa in VANCOUVER VOODOO zone. 3:57 of 2nd period - Shot by Nikolaj Ehlers. 3:57 of 2nd period - Stopped by Filip Gustavsson without a rebound. 3:58 of